PL
BOSTON PATRIOTS @ ATHLETIC CLUB KC
05/18/2022
 
TOP OF THE 1ST
Boston Patriots batting - Pitching for Athletic Club KC : RHP Torvald Geertsen
Pitching: RHP Torvald Geertsen
Batting: RHB Terry Armstrong 0-0: Foul Ball, location: 2F
0-1: Ball
1-1: Ball
2-1: Foul Ball, location: 2F
2-2: Ball
3-2: Foul Ball, location: 2F
3-2: SINGLE (Flyball, 78S)
Batting: RHB Tommy Jones 0-0: Fielders Choice at 2nd, 5-4 (Groundball, 56)
Batting: LHB Bill Chambers 0-0: Ball
1-0: Called Strike
Tommy Jones steals 2nd base
1-1: Ball
2-1: Ground out 6-3 (Groundball, 6M)
Tommy Jones to third
Batting: RHB Wilfred McLaughlin 0-0: DOUBLE (Line Drive, 4MD)
Tommy Jones scores
Batting: RHB Manuel Villarreal 0-0: Ball
1-0: Ball
2-0: Called Strike
2-1: Foul Ball, location: 2F
2-2: Ball
3-2: Ground out 6-3 (Groundball, 6)
Top of the 1st over - 1 run(s), 2 hit(s), 0 error(s), 1 left on base; Boston 1 - Athletic Club KC 0
BOTTOM OF THE 1ST
Athletic Club KC batting - Pitching for Boston Patriots : RHP Lúcio Sánchez
Pitching: RHP Lúcio Sánchez
Batting: RHB Jorge Trevino 0-0: SINGLE (Groundball, 34D)
Batting: SHB David Henderson 0-0: SINGLE (Groundball, 6MD)
Jorge Trevino to second
Batting: RHB Jake Collins 0-0: Ball
1-0: Foul Ball, location: 2F
1-1: Ball
2-1: Swinging Strike
2-2: Fly out, F8 (Flyball, 78XD)
Runner from 2nd tags up, SAFE at 3rd, no throw
Batting: RHB John Downing 0-0: Ball
1-0: Foul Ball, location: 2F
1-1: Ball
2-1: Ground out 5-3 (Groundball, 56S)
Jorge Trevino scores
David Henderson to second
Batting: RHB Ramón Souza 0-0: Called Strike
0-1: Foul Ball, location: 2F
0-2: Foul Ball, location: 2F
0-2: Ball
1-2: Ball
2-2: Ground out 6-3 (Groundball, 6M)
Bottom of the 1st over - 1 run(s), 2 hit(s), 0 error(s), 1 left on base; Boston 1 - Athletic Club KC 1
TOP OF THE 2ND
Boston Patriots batting - Pitching for Athletic Club KC : RHP Torvald Geertsen
Batting: RHB Tamasaburo Kato 0-0: Ball
1-0: DOUBLE (Line Drive, 78M)
Batting: LHB Chad Armstrong 0-0: Called Strike
0-1: Swinging Strike
0-2: Ball
1-2: Ground out U3 (Groundball, 3L)
Tamasaburo Kato to third
Batting: RHB Karl Schultz 0-0: Ground out 6-3 (Groundball, 6M)
Tamasaburo Kato scores
Batting: RHB Enrique Pérez 0-0: Ball
1-0: Ball
2-0: Ball
3-0: Base on Balls
Batting: RHB Terry Armstrong 0-0: Foul Ball, location: 2F
0-1: Fly out, F7 (Line Drive, 78S)
Top of the 2nd over - 1 run(s), 1 hit(s), 0 error(s), 1 left on base; Boston 2 - Athletic Club KC 1
BOTTOM OF THE 2ND
Athletic Club KC batting - Pitching for Boston Patriots : RHP Lúcio Sánchez
Batting: RHB Ed Hopkins 0-0: Called Strike
0-1: Foul Ball, location: 2F
0-2: Ball
1-2: Strikes out swinging
Batting: RHB José Rodríguez 0-0: Called Strike
0-1: Foul Ball, location: 2F
0-2: Ball
1-2: Ground out 5-3 (Groundball, 5S)
Batting: RHB Rick Atkinson 0-0: Ball
1-0: Foul Ball, location: 2F
1-1: Swinging Strike
1-2: Ground out 6-3 (Groundball, 6)
Bottom of the 2nd over - 0 run(s), 0 hit(s), 0 error(s), 0 left on base; Boston 2 - Athletic Club KC 1
TOP OF THE 3RD
Boston Patriots batting - Pitching for Athletic Club KC : RHP Torvald Geertsen
Batting: RHB Tommy Jones 0-0: Ball
1-0: Swinging Strike
1-1: Called Strike
1-2: SINGLE (Groundball, 56D)
Batting: LHB Bill Chambers 0-0: Called Strike
0-1: Foul Ball, location: 2F
0-2: Ball
1-2: SINGLE (Groundball, 15) (infield hit)
Tommy Jones to second
Batting: RHB Wilfred McLaughlin 0-0: Ball
1-0: Called Strike
1-1: Ball
2-1: Foul Ball, location: 2F
2-2: Strikes out looking
Batting: RHB Manuel Villarreal 0-0: Ball
1-0: Ball
2-0: Foul Ball, location: 2F
2-1: Foul Ball, location: 2F
2-2: Foul Ball, location: 2F
2-2: SINGLE (Groundball, 6M) (infield hit)
Tommy Jones to third
Bill Chambers to second
Batting: RHB Tamasaburo Kato 0-0: Fly out, F9 (Flyball, 9M)
Runner from 3rd tags up, SCORES, throw made
Batting: LHB Chad Armstrong 0-0: Ball
1-0: Foul Ball, location: 2F
1-1: Foul Ball, location: 2F
1-2: Fly out, F9 (Flyball, 89D)
Top of the 3rd over - 1 run(s), 3 hit(s), 0 error(s), 2 left on base; Boston 3 - Athletic Club KC 1
BOTTOM OF THE 3RD
Athletic Club KC batting - Pitching for Boston Patriots : RHP Lúcio Sánchez
Batting: RHB Jason Dunn 0-0: Swinging Strike
Single, Error in OF, E9, batter to second base
Batting: RHB Jorge Trevino 0-0: Ball
1-0: Ground out 6-3 (Groundball, 6)
Batting: SHB David Henderson 0-0: Called Strike
0-1: Foul Ball, location: 2F
0-2: Strikes out swinging
Batting: RHB Jake Collins 0-0: Ball
1-0: Called Strike
1-1: Called Strike
1-2: Ball
2-2: Ground out 5-3 (Groundball, 5S)
Bottom of the 3rd over - 0 run(s), 1 hit(s), 1 error(s), 1 left on base; Boston 3 - Athletic Club KC 1
TOP OF THE 4TH
Boston Patriots batting - Pitching for Athletic Club KC : RHP Torvald Geertsen
Batting: RHB Karl Schultz 0-0: Ball
1-0: Swinging Strike
1-1: Called Strike
1-2: Fly out, F8 (Flyball, 78S)
Batting: RHB Enrique Pérez 0-0: Foul Ball, location: 2F
0-1: Foul Ball, location: 2F
0-2: Ball
1-2: Foul Ball, location: 2F
1-2: Strikes out swinging
Batting: RHB Terry Armstrong 0-0: Ball
1-0: Called Strike
1-1: Swinging Strike
1-2: Strikes out swinging
Top of the 4th over - 0 run(s), 0 hit(s), 0 error(s), 0 left on base; Boston 3 - Athletic Club KC 1
BOTTOM OF THE 4TH
Athletic Club KC batting - Pitching for Boston Patriots : RHP Lúcio Sánchez
Batting: RHB John Downing 0-0: Ball
1-0: Ball
2-0: Ball
3-0: Called Strike
3-1: Called Strike
3-2: Base on Balls
Batting: RHB Ramón Souza 0-0: Ball
1-0: Swinging Strike
1-1: Ball
2-1: Called Strike
2-2: Strikes out swinging
Batting: RHB Ed Hopkins 0-0: Ball
1-0: Grounds into double play, 5-4-3 (Groundball, 56)
Bottom of the 4th over - 0 run(s), 0 hit(s), 0 error(s), 0 left on base; Boston 3 - Athletic Club KC 1
TOP OF THE 5TH
Boston Patriots batting - Pitching for Athletic Club KC : RHP Torvald Geertsen
Batting: RHB Tommy Jones 0-0: Ball
1-0: Ground out 5-3 (Groundball, 5)
Batting: LHB Bill Chambers 0-0: Ball
1-0: Swinging Strike
1-1: Ball
2-1: Ball
3-1: Base on Balls
Batting: RHB Wilfred McLaughlin 0-0: Ball
1-0: Ball
2-0: Ball
3-0: Called Strike
3-1: Foul Ball, location: 2F
3-2: Foul Ball, location: 2F
3-2: Strikes out looking
Batting: RHB Manuel Villarreal 0-0: Called Strike
0-1: Ball
1-1: Ball
2-1: Swinging Strike
2-2: Ball
3-2: Strikes out swinging
Top of the 5th over - 0 run(s), 0 hit(s), 0 error(s), 1 left on base; Boston 3 - Athletic Club KC 1
BOTTOM OF THE 5TH
Athletic Club KC batting - Pitching for Boston Patriots : RHP Lúcio Sánchez
Batting: RHB José Rodríguez 0-0: Ball
1-0: Foul Ball, location: 2F
1-1: Ball
2-1: Ball
3-1: Foul Ball, location: 2F
3-2: Fly out, F2 (Popup, 2RF)
Batting: RHB Rick Atkinson 0-0: Swinging Strike
0-1: Foul Ball, location: 2F
0-2: Ball
1-2: Ball
2-2: Fly out, F5 (Popup, 5SF)
Batting: RHB Jason Dunn 0-0: Ball
1-0: Ball
2-0: TRIPLE (Groundball, 3L)
Batting: RHB Jorge Trevino 0-0: Called Strike
0-1: Ball
1-1: Swinging Strike
1-2: Foul Ball, location: 2F
1-2: Ball
2-2: Ball
3-2: Base on Balls
Batting: SHB David Henderson 0-0: Called Strike
0-1: Foul Ball, location: 2F
0-2: Ball
1-2: Ground out 4-3 (Groundball, 13)
Bottom of the 5th over - 0 run(s), 1 hit(s), 0 error(s), 2 left on base; Boston 3 - Athletic Club KC 1
TOP OF THE 6TH
Boston Patriots batting - Pitching for Athletic Club KC : RHP Torvald Geertsen
Batting: RHB Tamasaburo Kato 0-0: Foul Ball, location: 2F
0-1: Ball
1-1: SINGLE (Line Drive, 9LS)
Pitching: RHP Ole Kos
Batting: LHB Chad Armstrong 0-0: Ball
1-0: Swinging Strike
1-1: Swinging Strike
1-2: Ball
2-2: Strikes out swinging
Batting: RHB Karl Schultz 0-0: Called Strike
0-1: DOUBLE (Line Drive, 8LM)
Tamasaburo Kato to third
Batting: RHB Enrique Pérez 0-0: Ball
1-0: Fly out, F7 (Flyball, 7D)
Runner from 3rd tags up, SCORES, no throw
Batting: RHB Terry Armstrong 0-0: Ball
1-0: Ball
2-0: SINGLE (Line Drive, 8LS)
Karl Schultz to third
Runner from 3rd tries for Home, SAFE, no throw or cutoff
Batting: RHB Tommy Jones 0-0: Called Strike
0-1: Ball
1-1: Ball
2-1: Called Strike
2-2: Ball
3-2: Strikes out swinging
Top of the 6th over - 2 run(s), 3 hit(s), 0 error(s), 1 left on base; Boston 5 - Athletic Club KC 1
BOTTOM OF THE 6TH
Athletic Club KC batting - Pitching for Boston Patriots : RHP Lúcio Sánchez
Batting: RHB Jake Collins 0-0: Called Strike
0-1: Swinging Strike
0-2: Ball
1-2: Foul Ball, location: 2F
1-2: Strikes out swinging
Batting: RHB John Downing 0-0: Ball
1-0: Called Strike
1-1: Ball
2-1: Ball
3-1: Swinging Strike
3-2: SINGLE (Groundball, 6MD)
Batting: RHB Ramón Souza 0-0: Ball
1-0: Ball
2-0: Called Strike
2-1: Foul Ball, location: 2F
2-2: Ball
3-2: Base on Balls
John Downing to second
Pitching: LHP John Coleman
Batting: RHB Ed Hopkins 0-0: Called Strike
0-1: Grounds into double play, 6-4-3 (Groundball, 6)
Bottom of the 6th over - 0 run(s), 1 hit(s), 0 error(s), 1 left on base; Boston 5 - Athletic Club KC 1
TOP OF THE 7TH
Boston Patriots batting - Pitching for Athletic Club KC : RHP Ole Kos
Batting: LHB Bill Chambers 0-0: Called Strike
0-1: Ball
1-1: Foul Ball, location: 2F
1-2: Strikes out swinging
Batting: RHB Wilfred McLaughlin 0-0: Ball
1-0: Called Strike
1-1: Swinging Strike
1-2: Ball
2-2: Strikes out swinging
Batting: RHB Manuel Villarreal 0-0: Ball
1-0: Foul Ball, location: 2F
1-1: Ball
2-1: Foul Ball, location: 2F
2-2: Foul Ball, location: 2F
2-2: Strikes out looking
Top of the 7th over - 0 run(s), 0 hit(s), 0 error(s), 0 left on base; Boston 5 - Athletic Club KC 1
BOTTOM OF THE 7TH
Athletic Club KC batting - Pitching for Boston Patriots : LHP John Coleman
Batting: RHB José Rodríguez 0-0: Ball
1-0: Ball
2-0: Foul Ball, location: 2F
2-1: Ball
3-1: Called Strike
3-2: Ground out 5-3 (Groundball, 56)
Batting: RHB Rick Atkinson 0-0: Called Strike
0-1: Ball
1-1: Ball
2-1: Foul Ball, location: 2F
2-2: Ball
3-2: Foul Ball, location: 2F
3-2: Base on Balls
Batting: RHB Jason Dunn 0-0: Ball
1-0: Ball
2-0: Fly out, F9 (Flyball, 9M)
Batting: RHB Jorge Trevino 0-0: Ball
1-0: Ball
2-0: SINGLE (Groundball, 6MD)
Rick Atkinson to second
Runner from 2nd tries for 3rd, SAFE, no throw or cutoff
Batting: SHB David Henderson 0-0: Fielders Choice at 2nd, 6-4 (Groundball, 6)
Bottom of the 7th over - 0 run(s), 1 hit(s), 0 error(s), 1 left on base; Boston 5 - Athletic Club KC 1
TOP OF THE 8TH
Boston Patriots batting - Pitching for Athletic Club KC : RHP Ole Kos
Batting: RHB Tamasaburo Kato 0-0: Ball
1-0: Ball
2-0: Ball
3-0: Base on Balls
Batting: LHB Chad Armstrong 0-0: Ball
1-0: Ground out 3-1 (Groundball, 34S)
Tamasaburo Kato to second
Pitching: RHP Eric Lang
Batting: RHB Karl Schultz 0-0: Called Strike
0-1: Called Strike
0-2: Fly out, F7 (Flyball, 7D)
Runner from 2nd tags up, SAFE at 3rd, no throw
Batting: RHB Enrique Pérez 0-0: Ball
1-0: Foul Ball, location: 2F
1-1: Ball
2-1: Called Strike
2-2: Strikes out looking
Top of the 8th over - 0 run(s), 0 hit(s), 0 error(s), 1 left on base; Boston 5 - Athletic Club KC 1
BOTTOM OF THE 8TH
Athletic Club KC batting - Pitching for Boston Patriots : LHP John Coleman
Batting: RHB Jake Collins 0-0: Swinging Strike
0-1: Ball
1-1: Ball
2-1: Ball
3-1: Base on Balls
Batting: RHB John Downing 0-0: Swinging Strike
0-1: Swinging Strike
0-2: Ball
1-2: Ball
2-2: Ball
3-2: Strikes out looking
Pitching: RHP Kyung-un Yi
Batting: RHB Ramón Souza 0-0: Ball
1-0: Fly out, F9 (Line Drive, 89D)
Batting: RHB Ed Hopkins 0-0: Ball
1-0: Called Strike
1-1: Ball
2-1: Ball
3-1: Foul Ball, location: 2F
3-2: Strikes out swinging
Bottom of the 8th over - 0 run(s), 0 hit(s), 0 error(s), 1 left on base; Boston 5 - Athletic Club KC 1
TOP OF THE 9TH
Boston Patriots batting - Pitching for Athletic Club KC : RHP Eric Lang
Batting: RHB Terry Armstrong 0-0: Ground out 4-3 (Groundball, 13)
Batting: RHB Tommy Jones 0-0: Ball
1-0: Swinging Strike
1-1: Ball
2-1: Ball
3-1: Foul Ball, location: 2F
3-2: TRIPLE (Line Drive, 8RXD)
Batting: LHB Bill Chambers 0-0: Ball
1-0: Foul Ball, location: 2F
1-1: Called Strike
1-2: Foul Ball, location: 2F
1-2: Reached on error, E5 (Groundball, 56S)
Tommy Jones scores
Batting: RHB Wilfred McLaughlin 0-0: Ball
1-0: Ground out 5-3 (Groundball, 5S)
Bill Chambers to second
Batting: RHB Manuel Villarreal 0-0: Ball
1-0: Swinging Strike
1-1: Foul Ball, location: 2F
1-2: Ball
2-2: Strikes out looking
Top of the 9th over - 1 run(s), 1 hit(s), 1 error(s), 1 left on base; Boston 6 - Athletic Club KC 1
BOTTOM OF THE 9TH
Athletic Club KC batting - Pitching for Boston Patriots : RHP Kyung-un Yi
Batting: RHB José Rodríguez 0-0: Ground out 6-3 (Groundball, 6)
Batting: RHB Rick Atkinson 0-0: Foul Ball, location: 2F
0-1: Ball
1-1: Swinging Strike
1-2: Ball
2-2: Ball
3-2: Foul Ball, location: 2F
3-2: Strikes out swinging
Batting: RHB Jason Dunn 0-0: Called Strike
0-1: Ground out 6-3 (Groundball, 6)
Bottom of the 9th over - 0 run(s), 0 hit(s), 0 error(s), 0 left on base; Boston 6 - Athletic Club KC 1
This league is powered by Out of the Park Baseball, the baseball management simulation game for PC, Mac and Linux
Friday, April 15th, 2016 - OOTP Baseball 16.9 Build 39